 Dungeon Crawl Stone Soup version 0.30-a0-881-g1ff12e1e11 (webtiles) character file.

Game seed: 17826720730861491042

33622 jasper the Cleaver (level 13, -1/84 HPs)
             Began as a Gargoyle Delver on Mar 14, 2023.
             Was the Champion of Fedhas.
             Killed by an exploding ballistomycete spore (25 damage)
             ... on level 2 of the Lair of Beasts.
             The game lasted 00:30:07 (13346 turns).

jasper the Cleaver (Gargoyle Delver)               Turns: 13346, Time: 00:30:07

Health: -1/84      AC: 33    Str: 21    XL:     13   Next: 72%
Magic:  21/22      EV:  5    Int: 11    God:    Fedhas [******]
Gold:   146        SH:  9    Dex:  7    Spells: 12/12 levels left

rFire   . . .      SeeInvis +    S - +2 war axe (flame)
rCold   . . .      Faith    .    Q - +0 kite shield
rNeg    + . .      Spirit   .    P - +0 plate armour
rPois   ∞          Reflect  .    k - +2 helmet "Cimmow" {rElec Regen+ rCorr Dex-4}
rElec   +          Rampage  .    R - +1 cloak
rCorr   +                        U - +0 pair of gloves
Will    +....                    D - +0 pair of boots Stlth
                                 n - amulet of regeneration
HPRegen 1.94/turn                h - ring of willpower
MPRegen 0.18/turn                W - ring of see invisible

@: no status effects
A: sickness immunity, AC +9, negative energy resistance 1, electricity
resistance, torment resistance 1, petrification resistance
a: Renounce Religion, Wall of Briars, Grow Ballistomycete, Overgrow, Grow Oklob


You were on level 2 of the Lair of Beasts.
You worshipped Fedhas.
Fedhas was exalted by your worship.
You visited 2 branches of the dungeon, and saw 13 of its levels.
You also visited: Bailey.

You collected 1052 gold pieces.
You spent 906 gold pieces at shops.

Inventory:

Hand Weapons
 M - a +5 broad axe
 S - a +2 war axe of flaming (weapon)
Missiles
 f - 164 stones
 m - 50 poisoned darts (quivered)
 o - a throwing net
 F - 2 curare-tipped darts
 L - 18 boomerangs
Armour
 k - the +2 helmet "Cimmow" (worn) {rElec Regen+ rCorr Dex-4}
   (You acquired it on level 2 of the Dungeon)

   Dex:       It affects your dexterity (-4).
   rElec:     It insulates you from electricity.
   Regen:     It increases your rate of health regeneration.
   rCorr:     It protects you from acid and corrosion.
 D - a +0 pair of boots (worn)
 P - a +0 plate armour (worn)
 Q - a +0 kite shield (worn)
 R - a +1 cloak (worn)
 U - a +0 pair of gloves (worn)
Jewellery
 h - a ring of willpower (left hand)
 n - an amulet of regeneration (around neck)
 T - a ring of ice
 W - a ring of see invisible (right hand)
Wands
 g - a wand of digging (3)
 y - a wand of charming (14)
 H - a wand of flame (15)
 I - a wand of roots (18)
Scrolls
 a - a scroll of blinking
 c - 3 scrolls of fog
 d - 3 scrolls of magic mapping
 i - 8 scrolls of teleportation
 p - 4 scrolls of vulnerability
 w - 3 scrolls of enchant weapon
 B - 4 scrolls of poison
 O - a scroll of fear
 X - a scroll of identify
 Y - a scroll of butterflies
 Z - a scroll of amnesia
Potions
 l - 2 potions of lignification
 r - 5 potions of haste
 s - 2 potions of might
 t - 7 potions of curing
 u - 4 potions of attraction
 x - a potion of invisibility
 A - 2 potions of flight
 C - 2 potions of mutation {unknown}
 E - a potion of resistance
 N - 2 potions of magic {unknown}


   Skills:
 + Level 11.1 Fighting
 * Level 12.6 Axes
 + Level 10.5 Armour
 - Level 1.5 Dodging
 - Level 5.4 Stealth
 + Level 7.1 Shields
 - Level 12.5 Invocations


You had 12 spell levels left.
You didn't know any spells.
Your spell library contained the following spells:

 Spells                   Type           Power      Damage    Failure   Level
 Sting                    Tmut/Pois      0%         1d3       100%        1
 Portal Projectile        Hex/Tloc       0%         N/A       100%        3
 Tukima's Dance           Hex            0%         N/A       100%        3
 Leda's Liquefaction      Hex/Erth       0%         N/A       100%        4
 Petrify                  Tmut/Erth      0%         N/A       100%        4
 Blade Hands              Tmut           0%         N/A       100%        5
 Irradiate                Conj/Tmut      0%         3d11      100%        5
 Lee's Rapid Deconstruct  Erth           0%         3d4*      100%        5
 Sublimation of Blood     Necr           Unusable   N/A       N/A         2
 Statue Form              Tmut/Erth      Unusable   N/A       N/A         6

Dungeon Overview and Level Annotations

Branches:
Dungeon (11/15)            Temple (0/1) D:4            Lair (2/5) D:10
  Swamp (0/4) Lair:2          Orc (0/2) D:9          Bailey (visited)
  Snake: Lair:2-3    Spider: Lair:2-3

Altars:
Ashenzari
Fedhas
Makhleb
Okawaru
Qazlal
Trog
Uskayaw
Vehumet
Yredelemnul
The Shining One

Shops:
D:3 =   D:6 *[*   D:7 !   D:9 *

Portals:
Trove: D:10 (show slimy rune of Zot)

Annotations:
D:5 3 runed translucent doors, Rudyous's ghost, novice GnAE
Lair:1 2 runed translucent doors, Coekuehi's ghost, journeyman MiBe


Innate Abilities, Weirdness & Mutations

You are immune to sickness and miasma.
Your stone body is resilient. (AC +9)
You are immune to poison.
You resist negative energy. (rN+)
You are resistant to electric shocks. (rElec)
You are resistant to unholy torment.
You are immune to petrification.


Message History

You barely miss the tyrant leech. The tyrant leech bites you!
The swamp worm bites you but does no damage.
The tyrant leech bites you but does no damage.
A ballistomycete spore comes into view.
You take 12 damage, and have 28/84 hp.
You closely miss the tyrant leech.
The tyrant leech is almost dead.
You barely miss the yak. You closely miss the tyrant leech.
You closely miss the swamp worm.
The tyrant leech bites you but does no damage.
The swamp worm bites you but does no damage.
The yak gores you!
* * * LOW HITPOINT WARNING * * *
You take 8 damage, and have 20/84 hp.
You barely miss the tyrant leech.
The tyrant leech is almost dead.
You hit the yak. You burn the yak. You barely miss the tyrant leech.
You barely miss the swamp worm.
Your ballistomycete spore explodes!
Fedhas protects your plant from harm.
The tyrant leech appears confused.
The explosion of spores engulfs the tyrant leech!!!
You kill the tyrant leech!
Fedhas appreciates your contribution to the ecosystem.
The swamp worm appears confused.
The explosion of spores engulfs the swamp worm!!
The swamp worm is severely wounded.
The tyrant leech bites you but does no damage.
The yak completely misses you.
You regained 2 hp, and now have 22/84 hp.
You slash the tyrant leech! You burn the tyrant leech.
You kill the tyrant leech!
Fedhas appreciates your contribution to the ecosystem.
You barely miss the yak. You slash the swamp worm! You burn the swamp worm.
You kill the swamp worm!
Fedhas appreciates your contribution to the ecosystem.
Your ballistomycete spore explodes!
The explosion of spores engulfs you!!
You die...
Fedhas appreciates your contribution to the ecosystem.

#......## #.##...##.#...
####......# #####.###...#.#...
PP........######.##.....#.......#
............................8...#
........................#........
........................#.8...8.#
...............÷........#.......#
...............Y........#...8....
................@.....###.....÷÷#
.......^.......††..........#.....
...##.#...................#..##..
#...####♣♣♣♣♣.>†......8..#....#..
...## ♣♣♣♣≈♣♣†.P......#.#.....#÷
#..# ♣§§~~§♣.......#[#.......#.
#.## ♣~§§§§..................##
#.# ♣≈§§§♣♣..................#
#.# ♣♣♣§ ♣...................


You could see a yak and a friendly ballistomycete (summoned).

Vanquished Creatures
  An orc warlord (Bailey)
  3 two-headed ogres (D:11)
  3 death yaks (D:10)
  A skyshark (Lair:2)
  An orc knight (Bailey)
  A manticore (D:11)
  3 black mambas
  A gargoyle (D:11)
  2 cane toads
  A kobold demonologist (D:10)
  An unseen horror (D:10)
  A rime drake (Lair:1)
  4 komodo dragons
  A troll (D:10)
  2 tyrant leeches (Lair:2)
  7 polar bears
  11 blink frogs
  Sigmund (D:6)
  A spriggan (D:10)
  Eustachio (D:6)
  6 wyverns
  2 wraiths
  A hog (D:11)
  41 yaks
  2 steam dragons
  A basilisk (D:10)
  2 swamp worms (Lair:2)
  8 water moccasins
  An acid dragon (D:8)
  2 ice beasts
  9 black bears
  A swamp drake (D:9)
  7 orc warriors
  3 wolves
  7 centaurs
  A phantom (D:5)
  4 kobold brigands
  7 bullfrogs
  5 scorpions
  9 killer bees
  A howler monkey (D:9)
  2 electric eels
  9 hounds
  2 jellies
  7 orc priests
  3 gnoll boudas
  Natasha (D:3)
  3 iguanas
  10 orc wizards
  6 hell rats
  25 gnolls
  8 adders
  9 river rats (Lair:1)
  2 shadow imps
  2 ufetubi
  A worm (D:2)
  5 dart slugs
  39 orcs
  8 ball pythons
  10 endoplasms
  9 giant cockroaches
  18 hobgoblins
  3 jackals (D:3)
  34 kobolds
  10 quokkas
  8 bats
  5 frilled lizards
  19 goblins
  14 rats
  A ballistomycete spore (Bailey)
440 creatures vanquished.

Vanquished Creatures (collateral kills)
  An orc wizard (D:7)
  24 ballistomycete spores
25 creatures vanquished.

Vanquished Creatures (others)
  An orc priest (D:7)
  3 orc wizards (D:8)
  An orc (D:7)
  2 ballistomycete spores (Bailey)
  9 fungi
  27 plants
43 creatures vanquished.

Grand Total: 508 creatures vanquished

Notes
Turn   | Place    | Note
-------+----------+-------------------------------------------
     0 | D:5      | jasper the Gargoyle Delver began the quest for the Orb.
     0 | D:5      | Reached XP level 1. HP: 14/14 MP: 1/1
    46 | D:5      | Found a glowing golden altar of the Shining One.
    74 | D:5      | Noticed an iguana
   102 | D:5      | Noticed a phantom
   162 | D:4      | Noticed a hound
   169 | D:4      | Noticed a hound
   323 | D:3      | Found a blossoming altar of Fedhas.
   336 | D:3      | Became a worshipper of Fedhas Madash
   363 | D:3      | Reached XP level 2. HP: 12/19 MP: 2/2
   409 | D:3      | Reached skill level 1 in Armour
   478 | D:2      | Reached XP level 3. HP: 23/23 MP: 3/3
   549 | D:2      | Found an iron altar of Okawaru.
   680 | D:1      | Reached * piety under Fedhas
   936 | D:1      | Found a faded altar of an unknown god.
   941 | D:1      | Got Plato's Incunabulum of Reconstruction
  1079 | D:2      | Reached XP level 4. HP: 29/29 MP: 4/4
  1153 | D:2      | Reached skill level 1 in Invocations
  1653 | D:2      | Reached XP level 5. HP: 27/33 MP: 4/6
  1873 | D:2      | Identified a scroll of acquirement
  1873 | D:2      | Acquired the +2 helmet "Cimmow" {rElec Regen+ rCorr Dex-4}
  1958 | D:3      | Reached ** piety under Fedhas
  2227 | D:3      | Found Vout's Jewellery Shoppe.
  2268 | D:3      | Found a stormy altar of Qazlal.
  2745 | D:4      | Noticed Natasha
  2754 | D:3      | Killed Natasha
  2755 | D:3      | Reached XP level 6. HP: 28/39 MP: 7/7
  2954 | D:4      | Reached *** piety under Fedhas
  3167 | D:4      | Noticed a black bear
  3174 | D:4      | Killed a black bear
  3175 | D:4      | Reached XP level 7. HP: 44/44 MP: 9/9
  3271 | D:4      | Found an iron altar of Okawaru.
  3271 | D:4      | Found a broken altar of Ashenzari.
  3279 | D:4      | Found a faded altar of an unknown god.
  3281 | D:4      | Found a hide-covered altar of Uskayaw.
  3283 | D:4      | Found a burning altar of Makhleb.
  3427 | D:4      | Found a staircase to the Ecumenical Temple.
  3750 | D:5      | Reached skill level 5 in Fighting
  3803 | D:5      | Reached skill level 5 in Axes
  3894 | D:5      | Noticed Rudyous's ghost (novice GnAE)
  3937 | D:5      | Reached XP level 8. HP: 50/50 MP: 10/10
  3939 | D:5      | Found a runed translucent gate.
  3939 | D:5      | Found a runed translucent gate.
  3939 | D:5      | Found a runed translucent gate.
  5068 | D:6      | Reached **** piety under Fedhas
  5069 | D:6      | Reached skill level 5 in Armour
  5126 | D:6      | Noticed Sigmund
  5137 | D:6      | Noticed Eustachio
  5140 | D:6      | Killed Sigmund
  5141 | D:6      | Reached skill level 5 in Invocations
  5141 | D:6      | Reached XP level 9. HP: 50/56 MP: 12/12
  5156 | D:6      | Killed Eustachio
  5186 | D:6      | Found Faipp's Armour Boutique.
  5188 | D:6      | Found Citiecy's General Store.
  5189 | D:6      | Found Vomewno's Assorted Antiques.
  5204 | D:6      | Bought a potion of heal wounds for 60 gold pieces
  5204 | D:6      | Bought a potion of curing for 36 gold pieces
  5204 | D:6      | Bought a potion of resistance for 120 gold pieces
  6063 | D:7      | Found a radiant altar of Vehumet.
  6209 | D:7      | Reached ***** piety under Fedhas
  6250 | D:7      | Found Fimy's Distillery.
  6254 | D:7      | Found a basalt altar of Yredelemnul.
  6301 | D:7      | Found a bloodstained altar of Trog.
  6883 | D:8      | Reached XP level 10. HP: 59/63 MP: 14/14
  7510 | D:9      | Found a flagged portal.
  7550 | Bailey   | Entered a bailey
  7561 | Bailey   | Noticed an orc warlord
  7662 | Bailey   | Noticed an orc knight
  7664 | Bailey   | Found a runed translucent gate.
  7664 | Bailey   | Found a runed translucent gate.
  7664 | Bailey   | Found a runed translucent gate.
  7678 | Bailey   | Killed an orc knight
  7681 | Bailey   | HP: 3/64 [spore (26)]
  7782 | Bailey   | Killed an orc warlord
  7827 | Bailey   | Reached XP level 11. HP: 69/69 MP: 15/20
  8143 | D:6      | Bought a +0 kite shield for 63 gold pieces
  8152 | D:6      | Bought a runed cloak for 195 gold pieces
  8292 | D:9      | Found Axuyrhil's Assorted Antiques.
  8307 | D:9      | Bought a potion of curing for 102 gold pieces
  8424 | D:9      | Reached skill level 1 in Shields
  8531 | D:9      | Found a staircase to the Orcish Mines.
  9170 | D:10     | Entered Level 10 of the Dungeon
  9181 | D:10     | Reached XP level 12. HP: 58/75 MP: 21/21
  9331 | D:10     | Reached skill level 10 in Axes
  9506 | D:10     | Noticed a death yak
  9506 | D:10     | Noticed a death yak
  9529 | D:10     | Killed a death yak
  9581 | D:10     | Killed a death yak
  9722 | D:10     | Noticed a death yak
  9733 | D:10     | Killed a death yak
  9738 | D:10     | Found a staircase to the Lair.
 10207 | D:10     | Found a portal to a secret trove of treasure.
 10420 | D:11     | Found a huge runed translucent gate.
 10420 | D:11     | Found a huge runed translucent gate.
 10420 | D:11     | Found a huge runed translucent gate.
 10420 | D:11     | Found a huge runed translucent gate.
 10525 | D:11     | Noticed a two-headed ogre
 10546 | D:11     | Killed a two-headed ogre
 10856 | D:11     | Reached skill level 5 in Shields
 10917 | D:11     | Reached ****** piety under Fedhas
 10952 | D:11     | Noticed a two-headed ogre
 10960 | D:11     | Killed a two-headed ogre
 10961 | D:11     | Reached skill level 10 in Fighting
 10965 | D:11     | Noticed a two-headed ogre
 10975 | D:11     | Killed a two-headed ogre
 11287 | Lair:1   | Entered Level 1 of the Lair of Beasts
 11339 | Lair:1   | Reached XP level 13. HP: 49/82 MP: 22/22
 11743 | D:3      | Bought an amulet of regeneration for 330 gold pieces
 12262 | Lair:1   | Reached skill level 10 in Armour
 12731 | Lair:1   | Found a large runed translucent door.
 12731 | Lair:1   | Found a large runed translucent door.
 12733 | Lair:1   | Noticed Coekuehi's ghost (journeyman MiBe)
 13319 | Lair:2   | Found a staircase to the Swamp.
 13346 | Lair:2   | Killed by an exploding ballistomycete spore

Illustrated notes

Levels and vault maps discovered:
D:1:      dpeg_arrival_tiny_d, layout_rooms, shapermc_ecumenical_altar_rom_forum
D:2:      layout_loops_cross, serial_aquarium, aquarium_bridge_square
          [aquarium_subvault_bridge, aquarium_subvault_wall,
          aquarium_subvault_balcony, aquarium_subvault_bridge],
          aquarium_window_fake, aquarium_window_corridor_1, aquarium_window_1,
          aquarium_view_2f, basic_altar
D:3:      minmay_evil_eye, layout_loops_corners, fedhas_altar_1,
          grunt_qazlal_clouds, serial_shops, nicolae_shop_statue_plus,
          serial_bayou_pond_b, minmay_cupped
D:4:      layout_cave_pools, chequers_temple_overflow_minitemple, temple_hall,
          kennysheep_boxes, uniq_natasha
D:5:      layout_layer_cave, nicolae_tso_swordbearing_angel, gammafunk_ghost_icy
D:6:      layout_loops_ring, nicolae_wooded_promenade, uniq_eustachio,
          uniq_sigmund
D:7:      layout_cave_pods, vehumet_altar_wand_db,
          mainiacjoe_overflow_divided_tiny, serial_shops,
          nicolae_shop_statue_plus, hex_medium, minmay_misc_feat_four_crosses,
          grunt_decor_junction
D:8:      layout_basic
D:9:      layout_roguey, erik_orc_1, serial_shops, shop_coins, enter_bailey_5
D:10:     layout_loops_corners, dpeg_lair_monsters, enter_trove_3, the_hattery
D:11:     lemuel_bear_cage, layout_loops_cross
Lair:1:   lemuel_ratsnest, layout_misc_corridors, ebering_ghost_disaster_area,
          st_stairs_9, infiniplex_staircase_pool, serial_bayou_shore_a,
          grunt_megastairs_5
Lair:2:   layout_chaotic_city, minmay_swamp_entry_worms,
          hellmonk_spider_entry_not_the_bees, grunt_forest_stairs_clearing,
          grunt_megastairs_4, serial_bayou_shore_b

Skill      XL: |  1  2  3  4  5  6  7  8  9 10 11 12 13 |
---------------+----------------------------------------+-----
Axes           | 2 3 4 5 6 8 9 11 12 | 12.6
Armour         | 1 2 3 4 5 6 7 8 9 10 | 10.5
Invocations    | 1 2 3 5 6 12 | 12.5
Fighting       | 4 5 6 7 8 10 11 | 11.1
Shields        | 2 5 7 |  7.1
Dodging        | |  1.5
Stealth        | |  5.4

Action                     |  1- 3 |  4- 6 |  7- 9 | 10-12 | 13-15 || total
---------------------------+-------+-------+-------+-------+-------++-------
  Melee: Hand axe          |   102 |   162 |   361 |   132 |       ||   757
         Punch             |       |     1 |     1 |     1 |       ||     3
         Broad axe         |       |       |       |    84 |       ||    84
         War axe           |       |       |       |   318 |   306 ||   624
  Throw: Dart              |     2 |    28 |     4 |       |       ||    34
 Invoke: Grow Ballistomyce |       |       |     1 |     4 |     1 ||     6
  Evoke: Wand              |       |       |     1 |     4 |       ||     5
    Use: Potion            |     2 |       |     1 |     7 |       ||    10
         Scroll            |     1 |    10 |     4 |     4 |       ||    19
   Stab: Confused          |       |       |     2 |     5 |     1 ||     8
         Invisible         |       |       |       |     1 |       ||     1
 Armour: Chain mail        |    50 |   130 |   230 |    72 |       ||   482
         Plate armour      |       |       |       |   416 |   273 ||   689
  Dodge: Dodged            |    53 |    83 |   120 |   206 |    77 ||   539
  Block: Kite shield       |       |       |       |   196 |   197 ||   393

Table legend: (Time is in decaauts)
 A = Elapsed time spent in this place.
 B = Non-inter-level travel time spent in this place.
 C = Inter-level travel time spent in this place.
 D = Time resting spent in this place.
 E = Time spent auto-exploring this place.
 F = Levels seen in this place.
 G = Mean time per level.
                   A        B        C        D        E       F      G
               +--------+--------+--------+--------+--------+-----+--------+
         Total |  13500 |  12346 |   1154 |    490 |   8173 |  14 |  964.3 |
       Dungeon |  11276 |  10183 |   1093 |    431 |   7112 |  11 | 1025.1 |
          Lair |   1742 |   1682 |     60 |     10 |    909 |   2 |  871.0 |
        Bailey |    481 |    481 |      0 |     49 |    151 |   1 |  481.0 |
               +--------+--------+--------+--------+--------+-----+--------+

Top non-repeatable levels by time:
     D:5: 1317 daAuts
    D:10: 1263 daAuts
     D:3: 1244 daAuts
  Lair:1: 1173 daAuts
     D:6: 1136 daAuts
     D:9: 1100 daAuts
     D:2: 1037 daAuts
    D:11: 947 daAuts
     D:7: 940 daAuts
     D:4: 912 daAuts
     D:8: 879 daAuts
  Lair:2: 568 daAuts
     D:1: 496 daAuts
  Bailey: 481 daAuts
